 Dungeon Crawl Stone Soup version 0.29-a0-451-gfbfa42419e (webtiles) character file.

Game seed: 12129476464064427562

2 jlumianski the Sneak (level 1, -3/18 HPs)
             Began as a Demonspawn Delver on May 19, 2022.
             Slain by an orc
             ... wielding a +0 trident
              (8 damage)
             ... on level 5 of the Dungeon.
             The game lasted 00:00:21 (43 turns).

jlumianski the Sneak (Demonspawn Delver)              Turns: 43, Time: 00:00:22

Health: -3/18      AC:  3    Str: 12    XL:     1   Next: 25%
Magic:  1/1        EV: 11    Int: 11    God:
Gold:   4          SH:  0    Dex: 14    Spells: 0/0 levels left

rFire   . . .      SeeInvis .   a - +0 hand axe
rCold   . . .      Faith    .   (no shield)
rNeg    . . .      Spirit   .   b - +0 leather armour
rPois   .          Reflect  .   (no helmet)
rElec   .          Harm     .   (no cloak)
rCorr   .          Rampage  .   (no gloves)
Will    .....                   (no boots)
Stlth   +++.......              (no amulet)
HPRegen 0.06/turn               (no ring)
MPRegen 0.07/turn               (no ring)

@: no status effects
A: no striking features
a: no special abilities


You were on level 5 of the Dungeon.
You visited 1 branch of the dungeon, and saw 1 of its levels.

You collected 4 gold pieces.

Inventory:

Hand Weapons
 a - a +0 hand axe (weapon)
Missiles
 j - 11 stones (quivered)
Armour
 b - a +0 leather armour (worn)
Wands
 g - a wand of digging (3)
Scrolls
 c - a scroll of fog
 d - a scroll of magic mapping
 e - a scroll of fear
 i - a scroll of blinking {unknown}
Potions
 f - a potion of haste
 h - a potion of curing {unknown}


   Skills:
 + Level 3.0 Fighting
 + Level 1.7 Axes
 + Level 1.7 Dodging
 + Level 4.6 Stealth


You couldn't memorise any spells.
You didn't know any spells.
Your spell library was empty.

Dungeon Overview and Level Annotations

Branches:
Dungeon (5/15)
 Temple: D:4-7

Altars:


Message History

Welcome, jlumianski the Demonspawn Delver.
It is said that the Orb of Zot exists deep within this dungeon.
Press ? for a list of commands and other information.
Found a golden potion.
Found a stone staircase leading down.
Found 4 gold pieces.
Found a stone staircase leading down.
h - a golden potion
Found a scroll labelled TODGHESHRIQECS.
You now have 4 gold pieces.
There is a stone staircase leading down here.
Found 11 stones.
Found an escape hatch in the floor.
i - a scroll labelled TODGHESHRIQECS You see here 11 stones.
j - 11 stones 2 orcs come into view.
The orc shouts!
You hear a shout!
An orc comes into view. It is wielding a +0 trident.
Found 24 stones and 8 gold pieces.
The orc hits you but does no damage.
You hit the orc.
The orc is moderately wounded.
The orc hits you with a +0 flail.
You barely miss the orc.
The orc is moderately wounded.
The orc barely misses you.
You hit the orc.
You kill the orc!
The orc hits you from afar with a +0 trident!
The orc hits you with a +0 trident.
You see here a +0 flail.
You hit the orc but do no damage. The orc barely misses you.
The orc hits you with a +0 trident.
* * * LOW HITPOINT WARNING * * *
You hit the orc.
The orc is moderately wounded.
The orc hits you with a +0 trident!
You die...

o..# #o.# #..# #..#
... # #.# #####.#
#.##### .......
#.....####.......
##########.o@....>...#
#......>..#####..#####
#.........### ..#
#...........###(.#
#................#
.###................$
..............########
..............#
####.........##


You could see an orc.

Vanquished Creatures
  An orc (D:5)
1 creature vanquished.

Notes
Turn   | Place    | Note
-------+----------+-------------------------------------------
     0 | D:5      | jlumianski the Demonspawn Delver began the quest for the
                  | Orb.
     0 | D:5      | Reached XP level 1. HP: 18/18 MP: 1/1
    43 | D:5      | Slain by an orc

Illustrated notes

Levels and vault maps discovered:
D:5:      layout_loops_ring, minmay_temple_entry_offerings, serial_shops,
          nicolae_stop_n_shop_1, serial_bayou, serial_bayou_shore_b,
          serial_bayou_shore_b, serial_bayou_lagoon_a, serial_bayou_pond_e

Action                   || total
-------------------------++-------
Melee: Hand axe          ||     5
Armor: Leather armour    ||     1
Dodge: Dodged            ||     2

Table legend: (Time is in decaauts)
 A = Elapsed time spent in this place.
 B = Non-inter-level travel time spent in this place.
 C = Inter-level travel time spent in this place.
 D = Time resting spent in this place.
 E = Time spent auto-exploring this place.
 F = Levels seen in this place.
 G = Mean time per level.
                   A        B        C        D        E       F      G
               +--------+--------+--------+--------+--------+-----+--------+
         Total |     44 |     44 |      0 |      0 |      0 |   1 |   44.0 |
       Dungeon |     44 |     44 |      0 |      0 |      0 |   1 |   44.0 |
               +--------+--------+--------+--------+--------+-----+--------+

Top non-repeatable levels by time:
     D:5: 44 daAuts
